 Dungeon Sprint DCSS version 0.27.1-1-g398f81649c (webtiles) character file.

Game seed: 2117155115223376085

891 boopmooplesden the Blocker (level 7, 0/72 (73) HPs)
             Began as a Minotaur Fighter on Sept 15, 2021.
             Was an Elder of the Shining One.
             Slain by a +0 glaive of pain (18 damage)
             ... in the Dungeon (Sprint V: "Ziggurat Sprint").
             The game lasted 00:02:20 (134 turns).

boopmooplesden the Blocker (Minotaur Fighter)        Turns: 134, Time: 00:02:20

HP:   0/72 (73)     AC: 23    Str: 28    XL:     7   Next: 78%
MP:   6/6           EV:  3    Int:  5    God:    the Shining One [****..]
Gold: 0             SH: 23    Dex: 16    Spells: 6/6 levels left

rFire    + . .     SeeInvis .   l - +6 shillelagh "Devastator" {shatter}
rCold    + . .     Faith    .   b - +3 tower shield
rNeg     + + .     Spirit   .   k - +5 gold dragon scales
rPois    +         Reflect  .   (helmet restricted)
rElec    .         Harm     .   (no cloak)
rCorr    .         Rampage  .   (no gloves)
Will     .....     NoTele   +   (no boots)
Stlth    ..........             (no amulet)
HPRegen  0.22/turn              r - +6 ring of strength
MPRegen  0.10/turn              n - +6 ring of dexterity

@: glowing, lightly drained
A: horns 2, retaliatory headbutt
a: Renounce Religion, Divine Shield, Cleansing Flame


You were in the Dungeon.
You worshipped the Shining One.
The Shining One was greatly pleased with you.
You visited 1 branch

Inventory:

Hand Weapons
 a - a +0 flail
 c - the +10 dark maul {vorpal}
   (You found it in the Dungeon)

   It inflicts extra damage upon your enemies.
 l - the +6 shillelagh "Devastator" (weapon) {shatter}
   (You found it in the Dungeon)

   It releases a powerful concussive burst when it strikes, dealing extra damage
   to the target and all other foes adjacent to them.
Armour
 b - a +3 tower shield (worn)
 k - +5 gold dragon scales (worn)
Jewellery
 m - a ring of flight
 n - a +6 ring of dexterity (right hand)
 o - a +6 ring of dexterity
 p - a +6 ring of intelligence
 q - a +6 ring of intelligence
 r - a +6 ring of strength (left hand)
 s - a +6 ring of strength
Wands
 t - a wand of mindburst (7)
 u - a wand of iceblast (7)
 v - a wand of acid (7)
Scrolls
 j - 4 scrolls of blinking
 y - 4 scrolls of amnesia
 B - 7 scrolls of fog
 C - a scroll of holy word
 D - 5 scrolls of identify
 E - 2 scrolls of fear
 F - a scroll of brand weapon
Potions
 d - 6 potions of might
 e - 10 potions of curing
 f - 10 potions of heal wounds
 g - 6 potions of haste
 h - 7 potions of magic
 i - 3 potions of berserk rage
 w - 2 potions of brilliance
 x - 2 potions of invisibility
 z - 4 potions of resistance
 A - a potion of experience


   Skills:
 + Level 10.7 Fighting
 + Level 8.8 Maces & Flails
 + Level 11.3 Armour
 + Level 11.7 Shields


You had 6 spell levels left.
You didn't know any spells.
Your spell library contained the following spells:

 Spells                   Type           Power      Damage    Failure   Level
 Corona                   Hex            0%         N/A       100%        1
 Ensorcelled Hibernation  Hex/Ice        0%         N/A       100%        2
 Tukima's Dance           Hex            0%         N/A       100%        3


Dungeon Overview and Level Annotations

Branches:
Dungeon (1/1)

Altars:
Ashenzari
Cheibriados
Dithmenos
Elyvilon
Fedhas
Gozag
Hepliaklqana
Kikubaaqudgha
Makhleb
Nemelex Xobeh
Okawaru
Qazlal
Ru
Sif Muna
Trog
Uskayaw
Vehumet
Wu Jian
Xom
Yredelemnul
Zin
The Shining One
Beogh
Jiyva
Lugonu

Annotations:
D 1 transporter


Innate Abilities, Weirdness & Mutations

You have a pair of horns on your head.
You reflexively headbutt those who attack you in melee.


Message History

You block the fire elemental's attack. The +0 glaive of pain hits you!
* * * LOW HITPOINT WARNING * * *
You sock the deep elf pyromancer!
The +1 short sword of draining shudders.
The fire elemental is lightly damaged.
The +1 short sword of draining is lightly damaged.
You kill the deep elf pyromancer!
The fire elemental disappears in a puff of smoke!
You block the +1 short sword of draining's attack.
You block the +0 glaive of pain's attack.
You block the +1 short sword of draining's attack.
Your Armour skill increases to level 11!
Your Shields skill increases to level 11!
You hit the +1 short sword of draining.
The +1 short sword of draining and the +0 glaive of pain shudder.
The +1 short sword of draining is moderately damaged.
Your headbutt misses the +1 short sword of draining.
The +1 short sword of draining is moderately damaged.
The +1 short sword of draining hits you but does no damage.
You partially resist.
You block the +0 glaive of pain's attack.
The +1 short sword of draining hits you.
* * * LOW HITPOINT WARNING * * *
You partially resist.
You feel drained.
You hit the +1 short sword of draining but do no damage.
The +1 short sword of draining is moderately damaged.
The +1 short sword of draining hits you but does no damage.
You partially resist.
The +0 glaive of pain hits you but does no damage.
You block the +1 short sword of draining's attack.
The +0 glaive of pain hits you but does no damage.
You sock the +1 short sword of draining!
The +1 short sword of draining and the +0 glaive of pain shudder.
The +1 short sword of draining is severely damaged.
Your headbutt misses the +1 short sword of draining.
The +1 short sword of draining is severely damaged.
The +1 short sword of draining hits you.
* * * LOW HITPOINT WARNING * * *
You partially resist. The +0 glaive of pain hits you!!
You die...

▓.†.†.▓.....▓.....▓
▓.....▓.....▓..©..▓
▓..©..▓..©..▓▓▓▓▓▓▓
▓▓▓▓▓▓▓▓▓▓▓▓▓▓
▓..8©8...▓
▓..!=?...▓
▓...:....▓
▓...(....▓
▓..@(....▓
▓.▓)...▓.▓
▓...©....▓
▓▓▓▓▓▓▓▓▓▓


You could see 2 dancing weapons.

Vanquished Creatures
  2 deep elf pyromancers (D)
  A water moccasin (D)
  A phantom (D)
  A jelly (D)
  A bat zombie (D)
  An endoplasm (D)
  3 ball pythons (D)
  A ball python skeleton (D)
11 creatures vanquished.

Notes
Turn   | Place    | Note
-------+----------+-------------------------------------------
     0 | D        | boopmooplesden the Minotaur Fighter began the quest for the
                  | Orb.
     0 | D        | Reached XP level 1. HP: 19/19 MP: 0/0
    16 | D        | Found a blossoming altar of Fedhas.
    16 | D        | Found the +6 Majin-Bo {vamp, MP+6 Int+6}
    16 | D        | Found the +9 heavy crossbow "Sniper" {vorpal, Acc+∞ SInv}
    16 | D        | Found the +10 dark maul {vorpal}
    16 | D        | Found the +15 Maxwell's patent armour {-Cast -Tele rElec
                  | Will+ rCorr}
    16 | D        | Found the +18 shield of the Gong {rElec rN+ Will+ EV-5}
    16 | D        | Found the +14 obsidian axe {vorpal, Drain Fly SInv}
    16 | D        | Found the +7 great mace "Firestarter" {inner flame, rF++}
    16 | D        | Found the +6 shillelagh "Devastator" {shatter}
    16 | D        | Found the +11 plutonium sword {Contam Stlth-}
    16 | D        | Found the +8 lance "Wyrmbane" {slay drac, rPois rF+ rC+
                  | AC+3}
    16 | D        | Found the +9 sword of Zonguldrok {reap}
    16 | D        | Found the +13 scythe of Curses {drain, Drain}
    16 | D        | Found the +5 sword of Power {vorpal}
    16 | D        | Found the +7 mace of Variability {chain chaos}
    16 | D        | Found the +7 Singing Sword {vorpal, sonic wave}
    16 | D        | Found the +8 storm bow {elec, penet}
    17 | D        | Found a viscous altar of Jiyva.
    17 | D        | Found a transporter.
    17 | D        | Found a hazy altar of Hepliaklqana.
    17 | D        | Found an ancient bone altar of Kikubaaqudgha.
    17 | D        | Found an opulent altar of Gozag.
    17 | D        | Found a corrupted altar of Lugonu.
    35 | D        | Found a burning altar of Makhleb.
    36 | D        | Found an iron altar of Okawaru.
    36 | D        | Found a sparkling altar of Nemelex Xobeh.
    36 | D        | Found a stormy altar of Qazlal.
    36 | D        | Found a sacrificial altar of Ru.
    36 | D        | Found a shimmering blue altar of Sif Muna.
    47 | D        | Found a bloodstained altar of Trog.
    69 | D        | Became a worshipper of the Shining One
    82 | D        | Entered arena 2.
    82 | D        | Noticed a jelly
    82 | D        | Found a transporter.
    85 | D        | Killed a jelly
    86 | D        | Reached skill level 5 in Fighting
    86 | D        | Reached skill level 5 in Armour
    86 | D        | Reached skill level 5 in Shields
    86 | D        | Reached XP level 2. HP: 29/29 MP: 1/1
    86 | D        | Reached XP level 3. HP: 36/36 MP: 2/2
    94 | D        | Entered arena 3.
    94 | D        | Reached * piety under the Shining One
    94 | D        | Noticed a phantom
    94 | D        | Found a transporter.
    96 | D        | Reached ** piety under the Shining One
   100 | D        | Killed a phantom
   101 | D        | Reached XP level 4. HP: 45/45 MP: 3/3
   109 | D        | Entered arena 4.
   109 | D        | Noticed a water moccasin
   109 | D        | Reached *** piety under the Shining One
   109 | D        | Found a transporter.
   113 | D        | Killed a water moccasin
   114 | D        | Reached XP level 5. HP: 53/53 MP: 4/4
   122 | D        | Entered arena 5.
   122 | D        | Noticed a +0 glaive of pain
   122 | D        | Noticed a deep elf pyromancer
   122 | D        | Noticed a +1 short sword of draining
   122 | D        | Noticed a deep elf pyromancer
   122 | D        | Reached **** piety under the Shining One
   122 | D        | Found a transporter.
   123 | D        | Noticed a fire elemental
   126 | D        | Killed a deep elf pyromancer
   127 | D        | Reached skill level 10 in Fighting
   127 | D        | Reached skill level 10 in Armour
   127 | D        | Reached skill level 10 in Shields
   127 | D        | Reached XP level 6. HP: 57/66 MP: 5/5
   127 | D        | Reached XP level 7. HP: 62/72 MP: 6/6
   127 | D        | Noticed a fire elemental
   131 | D        | Killed a deep elf pyromancer
   134 | D        | Slain by a +0 glaive of pain

Illustrated notes

Levels and vault maps discovered:
D:        sprint_v [room_start, room_1, room_2, room_3, room_4, room_5, room_6,
          room_7, room_8, room_9, room_10, room_11, room_12, room_13, room_14,
          room_15, room_16, room_17, room_18, room_19, room_20, room_21,
          room_22, room_23, room_24, room_25, room_26, room_27]

Skill      XL: |  1  2  3  4  5  6  7 |
---------------+----------------------+-----
Fighting       | 5 6 8 10 | 10.7
Maces & Flails | 3 4 6 8 |  8.8
Armour         | 5 6 8 10 11 | 11.3
Shields        | 5 7 8 10 11 | 11.7

Action                   |  1- 3 |  4- 6 |  7- 9 || total
-------------------------+-------+-------+-------++-------
Melee: Shillelagh        |     7 |     5 |     7 ||    19
       Headbutt          |       |     1 |     1 ||     2
Armor: Gold dragon scale |     4 |     7 |     7 ||    18
Dodge: Dodged            |     2 |       |     1 ||     3
Block: Tower shield      |    10 |    11 |    13 ||    34
